 Dungeon Crawl Stone Soup version 0.29-a0-231-g945431f764 (webtiles) character file.

Game seed: 15589212195070243925

18 n8rtot the Sneak (level 2, 0/15 HPs)
             Began as a Kobold Enchanter on Feb 28, 2022.
             Slain by a quokka (4 damage)
             ... on level 1 of the Dungeon.
             The game lasted 00:04:58 (628 turns).

n8rtot the Sneak (Kobold Enchanter)                  Turns: 628, Time: 00:04:58

Health: 0/15       AC:  2    Str:  5    XL:     2   Next: 85%
Magic:  5/5        EV: 15    Int: 16    God:
Gold:   14         SH:  0    Dex: 15    Spells: 5/5 levels left

rFire   . . .      SeeInvis .   a - +1 dagger
rCold   . . .      Faith    .   (no shield)
rNeg    . . .      Spirit   .   b - +0 robe
rPois   .          Reflect  .   (no helmet)
rElec   .          Harm     .   (no cloak)
rCorr   .          Rampage  .   (no gloves)
Will    .....                   (no boots)
Stlth   ++++......              (no amulet)
HPRegen 0.05/turn               (no ring)
MPRegen 0.09/turn               (no ring)

@: no status effects
A: small, no large weapons, nightstalker 3
a: no special abilities


You were on level 1 of the Dungeon.
You visited 1 branch of the dungeon, and saw 1 of its levels.

You collected 14 gold pieces.

Inventory:

Hand Weapons
 a - a +1 dagger (weapon)
Missiles
 e - 31 stones (quivered)
Armour
 b - a +0 robe (worn)
Scrolls
 d - a scroll of amnesia {unknown}
 f - a scroll of magic mapping {unknown}
Potions
 c - a potion of invisibility
 g - a potion of magic {unknown}


   Skills:
 + Level 1.6 Short Blades
 + Level 2.4 Dodging
 + Level 4.7 Stealth
 + Level 2.3 Spellcasting
 + Level 3.2 Hexes


You had 5 spell levels left.
You didn't know any spells.
Your spell library contained the following spells:

 Spells                   Type           Power      Damage    Failure   Level
 Ensorcelled Hibernation  Hex/Ice        14%        N/A       16%         2
 Confusing Touch          Hex            12%        N/A       16%         3
 Tukima's Dance           Hex            12%        N/A       16%         3
 Passwall                 Tmut/Erth      0%         N/A       30%         2
 Dazzling Flash           Conj/Hex       14%        N/A       30%         3
 Swiftness                Air            1%         N/A       52%         3


Dungeon Overview and Level Annotations

Branches:
Dungeon (1/15)

Altars:

Shops:
D:1 *


Innate Abilities, Weirdness & Mutations

You are small and have problems with some larger weapons.
You are completely attuned to the shadows.


Message History

You kill the ball python!
g - a fuming brown potion
Found a spear.
A kobold comes into view. It is wielding a +0 short sword.
Found a mace.
You now have 14 gold pieces.
A hobgoblin comes into view.
The hobgoblin shouts!
The kobold shouts!
You completely miss the kobold. The kobold barely misses you.
The kobold barely misses you.
A quokka comes into view.
You hit the kobold but do no damage. The kobold hits you but does no damage.
The quokka twitches its whiskers.
You closely miss the kobold. The kobold misses you.
You completely miss the kobold.
The quokka twitches its whiskers.
The kobold barely misses you. The kobold completely misses you.
You hit the quokka but do no damage. The quokka bites you.
The hobgoblin hits you. The quokka completely misses you.
The hobgoblin hits you. The quokka barely misses you.
You hit the quokka but do no damage. The quokka barely misses you.
You hit the quokka but do no damage. The quokka closely misses you.
Things that are here:
a +0 dagger; 2 stones You hit the quokka.
The quokka is lightly wounded.
The quokka bites you.
You closely miss the quokka.
The quokka is lightly wounded.
The quokka barely misses you.
You hit the quokka but do no damage.
The quokka is lightly wounded.
The quokka closely misses you. The quokka bites you.
* * * LOW HITPOINT WARNING * * *
The quokka bites you.
You die...

#........ #.# ##### .. ...
#.....###.#.# ##.... #.#
#.#####..#.## #.#.####..#.. ..#
#........#.# #.#.......... ..#
#.####...#.####.#.####..#..
..#####.................# #...##
........##.......####.### #.....
####.#####.......####.######.....
# #.# #....[.@rKg...).......## #
#.# ###...#.###....#.....##. #
#.# #...#.#..†...#....#...
####.## # #.###....#.....##.
..^...# #...............##
......# ######.####.#.....
#.....# #.####....... ...#..#
#.)........## ####..#
##.#####..#..


You could see a quokka, a hobgoblin and a kobold.

Vanquished Creatures
  3 ball pythons (D:1)
  2 bats (D:1)
  2 endoplasms (D:1)
  A giant cockroach (D:1)
  2 goblins (D:1)
  A hobgoblin (D:1)
  A quokka (D:1)
  4 kobolds (D:1)
16 creatures vanquished.

Notes
Turn   | Place    | Note
-------+----------+-------------------------------------------
     0 | D:1      | n8rtot the Kobold Enchanter began the quest for the Orb.
     0 | D:1      | Reached XP level 1. HP: 10/10 MP: 3/3
   134 | D:1      | Reached XP level 2. HP: 15/15 MP: 5/5
   489 | D:1      | Found Kogycesk's Assorted Antiques.
   628 | D:1      | Slain by a quokka

Illustrated notes

Levels and vault maps discovered:
D:1:      erik_arrival_blinker_ship, layout_loops_ring, serial_shops, shop

Action                   || total
-------------------------++-------
Melee: Dagger            ||    52
 Stab: Sleeping          ||     8
Armor: Robe              ||     6
Dodge: Dodged            ||    35

Table legend: (Time is in decaauts)
 A = Elapsed time spent in this place.
 B = Non-inter-level travel time spent in this place.
 C = Inter-level travel time spent in this place.
 D = Time resting spent in this place.
 E = Time spent auto-exploring this place.
 F = Levels seen in this place.
 G = Mean time per level.
                   A        B        C        D        E       F      G
               +--------+--------+--------+--------+--------+-----+--------+
         Total |    624 |    624 |      0 |    246 |      0 |   1 |  624.0 |
       Dungeon |    624 |    624 |      0 |    246 |      0 |   1 |  624.0 |
               +--------+--------+--------+--------+--------+-----+--------+

Top non-repeatable levels by time:
     D:1: 624 daAuts
